 Dungeon Crawl Stone Soup version 0.32-a0-814-g0968bab981 (webtiles) character file.

Game seed: 8811456792994871101

19 retardedninja the Trooper (level 2, -1/24 HPs)
             Began as a Coglin Fighter on Mar 22, 2024.
             Frozen to death by an endoplasm (5 damage)
             ... on level 1 of the Dungeon.
             The game lasted 00:00:46 (324 turns).

retardedninja the Trooper (Coglin Fighter)           Turns: 324, Time: 00:00:47

Health: -1/24      AC:  6    Str: 16    XL:     2   Next: 75%
Magic:  2/2        EV:  8    Int:  7    God:
Gold:   4          SH:  0    Dex: 13    Spells: 1/1 levels left

rFire   . . .        a - +0 war axe {Jabu}
rCold   . . .        (no shield)
rNeg    . . .        b - +0 scale mail
rPois   .            (no helmet)
rElec   .            (no cloak)
rCorr   .            (no gloves)
SInv    .            (no boots)
Will    .....        (amulet unavailable) Stlth
                     (ring unavailable)
HPRegen 0.24/turn    (ring unavailable)
MPRegen 0.08/turn    (no gizmo)

%: no passive effects
@: revved
A: off-hand wielding, slow wielding, warmup strikes, no jewellery
a: Invent Gizmo


You were on level 1 of the Dungeon.
You visited 1 branch of the dungeon, and saw 1 of its levels.

You collected 4 gold pieces.

Inventory:

Hand Weapons
 a - a +0 war axe (weapon) {Jabu}
Armour
 b - a +0 scale mail (worn)
Scrolls
 c - a scroll of teleportation {unknown}
Potions
 d - a potion of might
 e - a potion of curing {unknown}
 f - a potion of berserk rage {unknown}
 g - a potion of magic {unknown}


   Skills:
 * Level 3.4 Fighting
 * Level 2.5 Axes
 + Level 2.9 Armour
 - Level 2.1 Shields


You had one spell level left.
You didn't know any spells.
Your spell library contained the following spells:

 Spells                   Type           Power      Damage    Failure   Level
 Gell's Gravitas          Tloc           0%         N/A       99%         3
 Teleport Other           Tloc           0%         N/A       99%         3
 Dispersal                Tloc           0%         N/A       100%        6


Dungeon Overview and Level Annotations

Branches:
Dungeon (1/15)

Altars:


Innate Abilities, Weirdness & Mutations

You can wield a second weapon in your off-hand.
It takes a long time for you to wield or remove held weapons.
Your first few attacks do less damage.
You cannot equip rings or amulets.


Message History

The goblin hits you with a +0 club.
You hit the goblin.
You kill the goblin!
The ball python bites you but does no damage.
The ball python grabs you. The ball python constricts you.
You completely miss the ball python. You barely miss the goblin.
The goblin hits you but does no damage.
The ball python bites you but does no damage.
The ball python constricts you. The goblin hits you with a +0 dagger.
The ball python bites you but does no damage.
The ball python constricts you.
You are too injured to fight recklessly!
You are too injured to fight recklessly!
You are too injured to fight recklessly!
The ball python's grasp on you weakens, but your attempt to escape fails.
The ball python bites you but does no damage.
The ball python constricts you. The goblin hits you but does no damage.
You closely miss the goblin. You closely miss the ball python.
The ball python bites you but does no damage.
The ball python constricts you. The goblin hits you but does no damage.
You escape the ball python's grasp.
The goblin attacks as it pursues you! The goblin completely misses you.
You hit the goblin but do no damage. The goblin hits you with a +0 dagger.
You barely miss the goblin. You slash the ball python!
You kill the ball python!
The goblin hits you with a +0 dagger. x2
You closely miss the goblin. You barely miss the endoplasm.
The endoplasm barely misses you. The goblin barely misses you.
You miss the goblin. You hit the endoplasm.
The endoplasm hits you but does no damage.
The goblin closely misses you. The endoplasm freezes you.
You are frozen.
* * * LOW HITPOINT WARNING * * *
You closely miss the goblin. You hit the endoplasm.
The goblin hits you with a +0 dagger.
* * * LOW HITPOINT WARNING * * *
The endoplasm freezes you.
You are frozen.
You die...

#. ###...#####
####.###.........
.>.............!#
................#
.................#
##.# #.#...#.......
..P.##†#...#...#.#
♣..P....#.)..#J####.##
♣.PP...###...@g.......
♣♣PP..#.#.#####)♣P#.##
.. ♣♣♣.....## .P. #..
♣♣...### .....
#P.♣P....## #.#...#
#..♣P.....## .###).
..PPP......# .# #
#.#.......###### .#
#.#......†......


You could see an endoplasm and a goblin.

Vanquished Creatures
  A dart slug (D:1)
  2 endoplasms (D:1)
  2 giant cockroaches (D:1)
  2 goblins (D:1)
  A hobgoblin (D:1)
  3 ball pythons (D:1)
  2 bats (D:1)
  3 kobolds (D:1)
  2 rats (D:1)
18 creatures vanquished.

Notes
Turn   | Place    | Note
-------+----------+-------------------------------------------
     0 | D:1      | retardedninja the Coglin Fighter began the quest for the
                  | Orb.
     0 | D:1      | Reached XP level 1. HP: 18/18 MP: 1/1
   229 | D:1      | Reached XP level 2. HP: 24/24 MP: 2/2
   324 | D:1      | Frozen to death by an endoplasm

Illustrated notes

Levels and vault maps discovered:
D:1:      minmay_arrival_loop, layout_loops_ring, serial_forest,
          infiniplex_forest_clump_curved, infiniplex_forest_clump_medium,
          infiniplex_forest_corner_1, infiniplex_forest_clump_small,
          infiniplex_forest_zigzag_1, infiniplex_forest_clump_tiny,
          infiniplex_forest_split, infiniplex_forest_end_double,
          chequers_serial_rivers_small_b, st_stairs_9

Action                     || total
---------------------------++-------
  Melee: War axe           ||    56
 Armour: Scale mail        ||    54
  Dodge: Dodged            ||    27
  Block: Buckler           ||     6

Table legend: (Time is in decaauts)
 A = Elapsed time spent in this place.
 B = Non-inter-level travel time spent in this place.
 C = Inter-level travel time spent in this place.
 D = Time resting spent in this place.
 E = Time spent auto-exploring this place.
 F = Levels seen in this place.
 G = Mean time per level.
                   A        B        C        D        E       F      G
               +--------+--------+--------+--------+--------+-----+--------+
         Total |    346 |    340 |      6 |      0 |    192 |   1 |  346.0 |
       Dungeon |    346 |    340 |      6 |      0 |    192 |   1 |  346.0 |
               +--------+--------+--------+--------+--------+-----+--------+

Top non-repeatable levels by time:
     D:1: 346 daAuts
